 Dungeon Crawl Stone Soup version 0.21.1-1-g345015f (webtiles) character file.

73 tidbits the Grave Robber (level 4, 32/32 HPs)
             Began as a Gnoll Necromancer on June 29, 2018.
             Quit the game in the Ecumenical Temple.
             The game lasted 00:02:44 (267 turns).

tidbits the Grave Robber (Gnoll Necromancer)         Turns: 267, Time: 00:02:45

Health: 32/32      AC:  2    Str: 11    XL:     4   Next: 27%
Magic:  11/11      EV: 15    Int: 18    God:
Gold:   48         SH:  0    Dex: 15    Spells: 5/13 levels left

rFire    . . .     SeeInvis .   d - +0 dagger
rCold    . . .     Gourm    .   (no shield)
rNeg     . . .     Faith    .   a - +0 robe
rPois    .         Spirit   .   (no helmet)
rElec    .         Reflect  .   (no cloak)
rCorr    .         Harm     .   (no gloves)
MR       .....                  (no boots)
Stlth    +++.......             (no amulet)
HPRegen  0.10/turn              (no ring)
MPRegen  0.12/turn              (no ring)

@: no status effects
A: distributed training, fangs 1, strong nose
a: no special abilities


You were in the Ecumenical Temple.
You were not hungry.

You visited 2 branches of the dungeon, and saw 5 of its levels.

You collected 48 gold pieces.

Inventory:

Hand Weapons
 d - a +0 dagger (weapon)
Missiles
 i - 7 tomahawks (quivered)
Armour
 a - a +0 robe (worn)
Wands
 e - a wand of iceblast (8)
Potions
 f - a potion of flight {unknown}
 g - a potion of curing {unknown}
 h - a potion of mutation {unknown}
Books
 b - a book of Necromancy

   Spells                             Type                      Level
   a - Pain                           Necromancy                   1
   b - Animate Skeleton               Necromancy                   1
   c - Vampiric Draining              Necromancy                   3
   d - Regeneration                   Charms/Necromancy            3
   e - Animate Dead                   Necromancy                   4
   f - Borgnjor's Vile Clutch         Necromancy/Earth             5
Comestibles
 c - 2 rations


   Skills:
 + Level 1.0 Fighting
 + Level 1.0 Short Blades
 + Level 1.0 Long Blades
 + Level 1.0 Axes
 + Level 1.0 Maces & Flails
 + Level 1.0 Polearms
 + Level 1.0 Staves
 + Level 1.0 Slings
 + Level 1.0 Bows
 + Level 1.0 Crossbows
 + Level 1.0 Throwing
 + Level 1.0 Armour
 + Level 4.6 Dodging
 + Level 4.2 Stealth
 + Level 1.0 Shields
 + Level 1.0 Unarmed Combat
 + Level 5.0 Spellcasting
 + Level 0.8 Conjurations
 + Level 0.8 Hexes
 + Level 0.8 Charms
 + Level 0.8 Summonings
 + Level 7.1 Necromancy
 + Level 0.8 Translocations
 + Level 0.8 Transmutations
 + Level 0.8 Fire Magic
 + Level 0.8 Ice Magic
 + Level 0.8 Air Magic
 + Level 0.8 Earth Magic
 + Level 0.8 Poison Magic
 + Level 1.1 Invocations
 + Level 1.0 Evocations


You had 5 spell levels left.
You knew the following spells:

 Your Spells              Type           Power        Failure   Level  Hunger
a - Pain                  Necr           ####         1%          1    None
d - Vampiric Draining     Necr           ####......   1%          3    ##.....
n - Animate Skeleton      Necr           N/A          1%          1    None
r - Regeneration          Chrm/Necr      ###.......   8%          3    ##.....


Dungeon Overview and Level Annotations

Branches:
Dungeon (4/15)             Temple (1/1) D:4

Altars:
Ashenzari
Dithmenos
Elyvilon
Fedhas
Gozag
Hepliaklqana
Kikubaaqudgha
Makhleb
Nemelex Xobeh
Trog
Vehumet
Wu Jian
Xom
Yredelemnul
Zin


Innate Abilities, Weirdness & Mutations

Your experience applies equally to all skills.
You have very sharp teeth.
Your uncanny sense of smell can sniff out nearby items.


Message History

Aim: a quokka (resting, chance to defeat MR: 93%)
The quokka writhes in agony!
You kill the quokka!
f - a silvery potion
Found 9 stones.
You see here a robe.
There is a stone staircase leading down here.
Memorise Animate Skeleton, consuming 1 spell level and leaving 8?
You start memorising the spell.
You continue memorising.
You finish memorising.
Spell assigned to 'n'.
Magic restored.
You climb downwards.
There is a stone staircase leading up here.
Unknown command.
A scorpion comes into view.
Evoke which item? (* to show all) (? for menu, Esc to quit)
Aiming: Iceblast
Press: ? - help, Shift-Dir - straight line The mass of ice explodes!
The iceblast engulfs the scorpion.
The scorpion is heavily wounded.
Evoke which item? (* to show all) (? for menu, Esc to quit)
Aiming: Iceblast
Press: ? - help, Shift-Dir - straight line The mass of ice explodes!
The iceblast engulfs the scorpion.
You kill the scorpion!
Your Fighting skill increases to level 1!
Your Short Blades skill increases to level 1!
Your Long Blades skill increases to level 1!
Your Axes skill increases to level 1!
Your Maces & Flails skill increases to level 1!
Your Polearms skill increases to level 1!
Your Staves skill increases to level 1!
Your Slings skill increases to level 1!
Your Bows skill increases to level 1!
Your Crossbows skill increases to level 1!
Your Throwing skill increases to level 1!
Your Armour skill increases to level 1!
Your Shields skill increases to level 1!
Your Unarmed Combat skill increases to level 1!
Your Spellcasting skill increases to level 5!
Your Invocations skill increases to level 1!
Your Evocations skill increases to level 1!
You have reached level 3!
Your experience leads to an increase in your attributes!
Increase (S)trength, (I)ntelligence, or (D)exterity?
You feel clever.
You have reached level 4!
You feel stronger.
Memorise Regeneration, consuming 3 spell levels and leaving 8?
You start memorising the spell.
You continue memorising. x3
You finish memorising.
Spell assigned to 'r'.
Casting: Pain
Confirm with . or Enter, or press ? or * to list all spells.
Your skin crawls.
Unknown command.
Memorise Vampiric Draining, consuming 3 spell levels and leaving 5?
Your skin is crawling a little less now.
You start memorising the spell.
You continue memorising. x3
You finish memorising.
Spell assigned to 'd'.
Found a viscous cyan potion.
Found a stone staircase leading down.
Your skin stops crawling.
Found a puce potion.
You see here a viscous cyan potion.
g - a viscous cyan potion You see here a puce potion.
h - a puce potion
Found 7 tomahawks.
You see here 7 tomahawks.
i - 7 tomahawks
There is a stone staircase leading down here.
You climb downwards.
An adder comes into view.
Found a robe.
Found a staircase to the Ecumenical Temple.
There is a stone staircase leading up here.
You see here a robe.
Unknown command.
The helpless adder fails to defend itself.
You puncture the adder!
You kill the adder!
You see here an adder corpse.
An orc comes into view. It is wielding a club.
There is a staircase to the Ecumenical Temple here.
Unknown command.
You climb downwards.
Welcome to the Ecumenical Temple!
Found a shadowy altar of Dithmenos.
There is a staircase back to the Dungeon here.
Unknown command.
Found a basalt altar of Yredelemnul and a bloodstained altar of Trog.
Found a blossoming altar of Fedhas.
Found a glowing silver altar of Zin and an ancient bone altar of Kikubaaqudgha.
Found an ornate altar of the Wu Jian Council.
There is a blossoming altar of Fedhas here.
There is a staircase back to the Dungeon here.
Found a burning altar of Makhleb and a sparkling altar of Nemelex Xobeh.
Found a radiant altar of Vehumet.
Found a shattered altar of Ashenzari and a white marble altar of Elyvilon.
Found an opulent altar of Gozag.
There is a radiant altar of Vehumet here.
Are you sure you want to abandon this character and quit the game? (Confirm with "yes".)

≈≈≈≈≈≈≈≈≈≈≈
.................≈≈≈≈≈≈≈
.....................≈≈≈
....8...................
..................._....
............_...........
........................
........................
....<...........@......_
........................
........................
............_...........
..................._....
...._...................
.....................≈≈≈
.................≈≈≈≈≈≈≈
≈≈≈≈≈≈≈≈≈


There were no monsters in sight!

Vanquished Creatures
  A scorpion (D:3)
  An adder (D:4)
  A dart slug (D:2)
  A ball python (D:1)
  A bat (D:1)
  A goblin (D:1)
  3 hobgoblins (D:1)
  3 jackals (D:1)
  A quokka (D:2)
  2 frilled lizards
15 creatures vanquished.

Notes
Turn   | Place    | Note
-------+----------+-------------------------------------------
     0 | D:1      | tidbits the Gnoll Necromancer began the quest for the Orb.
     0 | D:1      | Reached XP level 1. HP: 13/13 MP: 6/6
    22 | D:1      | Reached XP level 2. HP: 12/19 MP: 1/7
   113 | D:2      | Found a hazy altar of Hepliaklqana.
   114 | D:2      | Found a shimmering altar of Xom.
   115 | D:2      | Noticed a spectral ugly thing
   166 | D:2      | Learned a level 1 spell: Animate Skeleton
   173 | D:3      | Noticed a scorpion
   176 | D:3      | Killed a scorpion
   176 | D:3      | Reached skill level 1 in Fighting
   176 | D:3      | Reached skill level 1 in Short Blades
   176 | D:3      | Reached skill level 1 in Long Blades
   176 | D:3      | Reached skill level 1 in Axes
   176 | D:3      | Reached skill level 1 in Maces & Flails
   176 | D:3      | Reached skill level 1 in Polearms
   176 | D:3      | Reached skill level 1 in Staves
   176 | D:3      | Reached skill level 1 in Slings
   176 | D:3      | Reached skill level 1 in Bows
   176 | D:3      | Reached skill level 1 in Crossbows
   176 | D:3      | Reached skill level 1 in Throwing
   176 | D:3      | Reached skill level 1 in Armour
   176 | D:3      | Reached skill level 1 in Shields
   176 | D:3      | Reached skill level 1 in Unarmed Combat
   176 | D:3      | Reached skill level 5 in Spellcasting
   176 | D:3      | Reached skill level 1 in Invocations
   176 | D:3      | Reached skill level 1 in Evocations
   176 | D:3      | Reached XP level 3. HP: 16/26 MP: 7/9
   176 | D:3      | Reached XP level 4. HP: 20/32 MP: 8/11
   181 | D:3      | Learned a level 3 spell: Regeneration
   186 | D:3      | Learned a level 3 spell: Vampiric Draining
   222 | D:4      | Found a staircase to the Ecumenical Temple.
   230 | Temple   | Entered the Ecumenical Temple
   267 | Temple   | Quit the game

Skill      XL: |  1  2 |
---------------+-------+-----
Fighting       | 1 |  1.0
Short Blades   | 1 |  1.0
Long Blades    | 1 |  1.0
Axes           | 1 |  1.0
Maces & Flails | 1 |  1.0
Polearms       | 1 |  1.0
Staves         | 1 |  1.0
Slings         | 1 |  1.0
Bows           | 1 |  1.0
Crossbows      | 1 |  1.0
Throwing       | 1 |  1.0
Armour         | 1 |  1.0
Shields        | 1 |  1.0
Unarmed Combat | 1 |  1.0
Spellcasting   | 5 |  5.0
Invocations    | 1 |  1.1
Evocations     | 1 |  1.0
Dodging        | |  4.6
Stealth        | |  4.2
Conjurations   | |  0.8
Hexes          | |  0.8
Charms         | |  0.8
Summonings     | |  0.8
Necromancy     | |  7.1
Translocations | |  0.8
Transmutations | |  0.8
Fire Magic     | |  0.8
Ice Magic      | |  0.8
Air Magic      | |  0.8
Earth Magic    | |  0.8
Poison Magic   | |  0.8

Action                   |  1- 3 |  4- 6 || total
-------------------------+-------+-------++-------
Melee: Dagger            |     7 |     1 ||     8
       Bite              |     1 |       ||     1
 Cast: Pain              |    15 |       ||    15
       Regeneration      |       |     1 ||     1
Evoke: Wand              |     1 |     1 ||     2
 Stab: Sleeping          |       |     1 ||     1
Armor: Robe              |     2 |       ||     2
Dodge: Dodged            |     4 |       ||     4

Table legend:
 A = Turns spent in this place as a percentage of turns spent in the entire game.
 B = Non-inter-level travel turns spent in this place as a percentage of non-inter-level travel turns spent in the entire game.
 C = Inter-level travel turns spent in this place as a percentage of turns spent in this place.
 D = Turns resting spent in this place as a percentage of non-inter-level travel turns spent in this place.
 E = Turns spent auto-exploring this place as a percentage of non-inter-level travel turns spent in this place.
 F = Non-inter-level travel turns spent in this place divided by the number of levels of this place that you've seen.
                   A       B       C       D       E      F
               +-------+-------+-------+-------+-------+----------------------
         Total | 100.0 | 100.0 |   0.0 |   0.0 |   0.0 |  53.4
       Dungeon |  86.1 |  86.1 |   0.0 |   0.0 |   0.0 |  57.5
        Temple |  13.9 |  13.9 |   0.0 |   0.0 |   0.0 |  37.0
               +-------+-------+-------+-------+-------+----------------------

Table legend:
 A = Kills in this place as a percentage of kills in entire the game.
 B = Kills by you in this place as a percentage of kills by you in the entire game.
 C = Kills by friends in this place as a percentage of kills by friends in the entire game.
 D = Other kills in this place as a percentage of other kills in the entire game.
 E = Experience gained in this place as a percentage of experience gained in the entire game.
 F = Experience gained in this place divided by the number of levels of this place that you have seen.
                   A       B       C       D       E      F
               +-------+-------+-------+-------+-------+----------------------
         Total | 100.0 | 100.0 |   N/A |   N/A | 100.0 |  21.0
       Dungeon | 100.0 | 100.0 |   N/A |   N/A | 100.0 |  26.2
               +-------+-------+-------+-------+-------+----------------------

Vault maps used:
D:1:      minmay_arrival_open_corners
D:2:      regret_index_temple_of_mockery, first_ration
D:3:      cheibriados_altar_1, chequers_ecumenical_altar_lobes
D:4:      gammafunk_temple_overflow_elements, minmay_temple_entry_purple_smoke
Temple:   dshaligram_water_room_temple
